[Event "42nd Olympiad Baku 2016 Open"]
[Site "Baku"]
[Date "2016.09.08"]
[Round "6.11"]
[White "Piorun, Kacper"]
[Black "Cubas, Jose Fernando"]
[Result "0-1"]
[ECO "B76"]
[WhiteElo "2681"]
[BlackElo "2470"]
[Annotator ""]
[PlyCount "78"]
[EventDate "2016.??.??"]
[EventCountry "AZE"]
[SourceTitle "playchess.com"]
[Source "ChessBase"]
[WhiteTeam "Poland"]
[BlackTeam "Paraguay"]
[WhiteTeamCountry "POL"]
[BlackTeamCountry "PAR"]
[TimeControl "40/5400+30:1800+30"]

1. e4 {(00:00} c5 {(00:00} 2. Nf3 {(00:00} d6 {(
00:00} 3. d4 {(00:00} cxd4 {(00:00} 4. Nxd4 {(00:00}
Nf6 {(00:00} 5. Nc3 {(00:04} g6 {(00:10} 6. Be3 {
(05:29} Bg7 {(00:04} 7. f3 {(00:03} Nc6 {(00:04]
} 8. Qd2 {(00:09} O-O {(00:08} 9. O-O-O {(00:05} d5 {
(00:56} 10. exd5 {(00:24} Nxd5 {(00:10} 11. Nxc6 {
(00:04} bxc6 {(00:07} 12. Bd4 {(00:03} e5 {(01:
10} 13. Bc5 {(00:08} Be6 {(01:09} 14. Ne4 {(02:56} Re8
{(00:30} 15. h4 {(06:03} h6 {(02:50} 16. g4 {(
02:01} f5 {(04:35} 17. gxf5 {(04:07} gxf5 {(00:26} 18.
Nd6 {(01:07} Rf8 {(19:40} 19. Ba6 {(19:00} Qf6 {
(11:48} 20. Rdg1 {(09:46} Kh7 {(01:47} 21. h5 {(
02:17} Nf4 {(02:44} 22. Nc4 {(10:25} Rfd8 {(11:25} 23.
Qe1 {(06:07} Bh8 {(09:54} 24. Bb4 {(05:18} Rd4 {
(04:08} 25. Ne3 {(06:04} Rb8 {(04:19} 26. a3 {(
01:27} Bf7 {(12:22} 27. Bc3 {(01:13} c5 {(00:15} 28.
Bf1 {(01:55} Qe6 {(03:48} 29. b3 {(01:44} Qf6 {(
02:43} 30. Bh3 {(03:36} Be6 {(01:55} 31. Rh2 {(03:44}
Rxb3 {(01:49} 32. Rg6 {(01:28} Rxc3 {(00:40} 33. Qxc3 {
(00:10} Nxg6 {(00:35} 34. hxg6+ {(00:06} Qxg6 {(
00:11} 35. Rg2 {(00:30} Qf6 {(02:17} 36. Qxc5 {(00:26}
Rd7 {(01:23} 37. Qc6 {(01:44} Qh4 {(01:14} 38. Bxf5+ {
(01:53} Bxf5 {(00:11} 39. Nxf5 {(00:04} Qf4+ {(
00:02} 0-1

[Event "42nd Olympiad Baku 2016 Open"]
[Site "Baku"]
[Date "2016.09.08"]
[Round "6.12"]
[White "Franco Ocampos, Zenon"]
[Black "Swiercz, Dariusz"]
[Result "0-1"]
[ECO "A28"]
[WhiteElo "2496"]
[BlackElo "2639"]
[Annotator ""]
[PlyCount "88"]
[EventDate "2016.??.??"]
[EventCountry "AZE"]
[SourceTitle "playchess.com"]
[Source "ChessBase"]
[WhiteTeam "Paraguay"]
[BlackTeam "Poland"]
[WhiteTeamCountry "PAR"]
[BlackTeamCountry "POL"]
[TimeControl "40/5400+30:1800+30"]

1. c4 {(00:00} Nf6 {(00:00} 2. Nc3 {(00:00} e5 {
(00:09} 3. Nf3 {(00:11} Nc6 {(00:05} 4. d3 {(00:
41} Bb4 {(01:05} 5. Bd2 {(00:20} O-O {(00:11} 6. e3 {
(03:02} d5 {(03:51} 7. cxd5 {(00:46} Nxd5 {(00:
05} 8. Be2 {(01:20} Be6 {(00:18} 9. O-O {(00:47} Be7 {
(00:13} 10. a3 {(02:34} a5 {(00:05} 11. Qc2 {(
14:09} f5 {(07:47} 12. e4 {(10:35} Nb6 {(02:58} 13.
exf5 {(02:14} Rxf5 {(00:21} 14. Be3 {(11:41} Kh8 {
(05:41} 15. Rad1 {(10:21} Nd4 {(10:50} 16. Bxd4 {
(00:02} exd4 {(00:07} 17. Ne4 {(00:01} a4 {(01:
17} 18. Rc1 {(01:53} c6 {(01:48} 19. Nfd2 {(00:41} Bg8
{(01:12} 20. Rfe1 {(01:31} Bg5 {(05:19} 21. Bg4 {
(05:29} Rf8 {(07:10} 22. Nxg5 {(12:04} Qxg5 {(
01:10} 23. Bh3 {(00:21} Qh4 {(14:10} 24. Ne4 {(01:59}
Nd5 {(00:34} 25. Ng3 {(01:12} Nf4 {(11:58} 26. Bf5 {
(00:24} Bb3 {(00:06} 27. Qc5 {(03:01} Bd5 {(00:
04} 28. Be4 {(00:10} Qf6 {(04:02} 29. Qc2 {(00:58} Bb3
{(01:19} 30. Qd2 {(00:18} Rae8 {(02:28} 31. Bf3 {
(02:50} Be6 {(04:40} 32. Rc5 {(02:37} Bd5 {(05:
01} 33. Rxe8 {(00:38} Rxe8 {(00:01} 34. Bxd5 {(03:37}
cxd5 {(00:57} 35. Rc1 {(01:04} h5 {(01:10} 36. Re1 {
(00:30} Rf8 {(00:07} 37. f3 {(01:43} h4 {(01:05]
} 38. Nf1 {(00:22} Qg6 {(02:28} 39. Rd1 {(00:27} Qf5 {
(02:16} 40. Kh1 {(00:00} h3 {(00:00} 41. g3 {(
07:40} Ng2 {(07:28} 42. f4 {(02:53} Qg4 {(10:39} 43.
Rc1 {(04:36} Re8 {(01:58} 44. Qf2 {(00:22} Re2 {
(00:39} 0-1

[Event "42nd Olympiad Baku 2016 Open"]
[Site "Baku"]
[Date "2016.09.08"]
[Round "6.5"]
[White "Carlsen, Magnus"]
[Black "Sadorra, Julio Catalino"]
[Result "1/2-1/2"]
[ECO "C00"]
[WhiteElo "2857"]
[BlackElo "2560"]
[Annotator ""]
[PlyCount "82"]
[EventDate "2016.??.??"]
[EventCountry "AZE"]
[SourceTitle "playchess.com"]
[Source "ChessBase"]
[WhiteTeam "Norway"]
[BlackTeam "Philippines"]
[WhiteTeamCountry "NOR"]
[BlackTeamCountry "PHI"]
[TimeControl "40/5400+30:1800+30"]

1. e4 {(00:00} e6 {(00:00} 2. Nf3 {(00:00} d5 {(
00:00} 3. exd5 {(00:00} exd5 {(00:06} 4. d4 {(00:03}
Bd6 {(00:37} 5. c4 {(00:27} Nf6 {(01:19} 6. c5 {
(03:16} Be7 {(00:07} 7. Nc3 {(00:14} O-O {(00:
09} 8. Be3 {(02:58} b6 {(00:39} 9. b4 {(00:38} a5 {
(04:03} 10. a3 {(02:26} Ng4 {(09:39} 11. Bf4 {(
16:08} Re8 {(18:06} 12. Be2 {(02:00} axb4 {(01:38} 13.
axb4 {(00:02} Rxa1 {(00:04} 14. Qxa1 {(00:08} bxc5 {
(10:33} 15. bxc5 {(00:02} Bxc5 {(00:55} 16. dxc5 {
(00:21} d4 17. O-O {(00:30} dxc3 {(00:31} 18. Bc4 {
(00:33} c2 {(09:04} 19. Qa4 {(16:06} Bf5 {(08:
25} 20. Nd4 {(01:57} Bg6 {(08:36} 21. Nxc2 {(02:55}
Re4 {(01:47} 22. Bg3 {(05:18} Ne5 {(00:15} 23. Bxe5 {
(00:10} Rxe5 {(00:02} 24. Ne3 {(13:20} Rxc5 {(
01:51} 25. f4 {(03:29} h6 {(07:12} 26. Qb4 {(02:45}
Nd7 {(04:31} 27. f5 {(01:35} Bh5 {(00:42} 28. Qd2 {
(06:45} Qg5 {(02:31} 29. Qd4 {(07:58} Re5 {(00:
12} 30. Qxd7 {(01:01} Qxe3+ {(00:16} 31. Kh1 {(00:01}
Qc5 {(02:31} 32. Qd3 {(01:24} Re3 {(02:39} 33. Qc2 {
(01:23} Qe5 {(00:13} 34. Qd2 {(01:52} Kh7 {(01:
18} 35. h3 {(01:03} Qe4 {(03:02} 36. Kg1 {(00:20} c6 {
(00:24} 37. Rc1 {(01:57} Qe5 {(01:30} 38. Bf1 {(
00:36} Rg3 {(01:23} 39. Qf2 {(00:33} Qd6 {(02:01} 40.
Rc4 {(00:00} f6 {(00:00} 41. Rxc6 {(06:03} Qxc6 1/2-1/2

[Event "42nd Olympiad Baku 2016 Open"]
[Site "Baku"]
[Date "2016.09.08"]
[Round "6.6"]
[White "Gomez, John Paul"]
[Black "Hammer, Jon Ludvig"]
[Result "1/2-1/2"]
[ECO "B12"]
[WhiteElo "2492"]
[BlackElo "2651"]
[Annotator ""]
[PlyCount "113"]
[EventDate "2016.??.??"]
[EventCountry "AZE"]
[SourceTitle "playchess.com"]
[Source "ChessBase"]
[WhiteTeam "Philippines"]
[BlackTeam "Norway"]
[WhiteTeamCountry "PHI"]
[BlackTeamCountry "NOR"]
[TimeControl "40/5400+30:1800+30"]

1. e4 {(00:00} c6 {(00:00} 2. d4 {(00:22} d5 {(
00:00} 3. e5 {(03:20} Bf5 {(00:00} 4. Nd2 {(00:07} e6
{(00:00} 5. Nb3 {(00:09} c5 {(00:00} 6. Nxc5 {(
04:17} Bxc5 {(00:40} 7. dxc5 {(00:08} Qa5+ {(00:10} 8.
c3 {(00:52} Qxc5 {(00:40} 9. Be3 {(00:20} Qc7 {(
01:24} 10. f4 {(00:10} Ne7 {(03:41} 11. Nf3 {(01:38}
O-O {(03:28} 12. Be2 {(00:14} Be4 {(08:03} 13. O-O {
(02:43} Nd7 {(02:14} 14. Nd4 {(03:06} a6 {(09:
26} 15. a4 {(04:08} Nf5 {(07:02} 16. Bf2 {(04:39} b6 {
(01:06} 17. Rc1 {(01:23} Qb7 {(00:25} 18. Nxf5 {
(04:30} exf5 {(00:21} 19. b4 {(01:37} Rfd8 {(02:
22} 20. Qd4 {(03:56} Rab8 {(03:46} 21. Bh4 {(02:13}
Re8 {(01:21} 22. g4 {(06:13} fxg4 {(05:30} 23. Bxg4 {
(01:35} Rbc8 {(00:05} 24. c4 {(03:53} Rc6 {(08:
38} 25. cxd5 {(04:59} Rxc1 {(00:52} 26. Rxc1 {(00:14}
Bxd5 {(00:05} 27. Bh3 {(06:01} Nf8 {(00:16} 28. f5 {
(01:57} Bc6 {(00:18} 29. Bg3 {(07:45} Qd7 {(09:
15} 30. Qxb6 {(10:45} Ba8 {(11:39} 31. Qf2 {(11:05}
Qb7 {(13:01} 32. Bg2 {(02:36} Qxb4 {(00:06} 33. Bxa8 {
(01:01} Rxa8 {(00:04} 34. Qf4 {(01:08} Qb3 {(01:
33} 35. Re1 {(03:14} Rd8 {(00:42} 36. Qe4 {(01:35} Rd1
{(02:27} 37. Rxd1 {(00:16} Qxd1+ {(00:03} 38. Kg2 {
(00:16} Qd7 {(01:28} 39. Bf2 {(01:42} g6 {(00:
43} 40. f6 {(00:00} h6 {(00:00} 41. h4 {(04:00} Qe6 {
(09:23} 42. a5 {(09:47} Nd7 {(00:44} 43. Qa8+ {(
00:30} Kh7 {(00:30} 44. Bg3 {(00:22} Qa2+ {(00:25} 45.
Kh3 {(00:22} Qxa5 {(08:08} 46. h5 {(01:27} g5 {(
07:16} 47. Qe4+ {(05:53} Kg8 {(00:07} 48. e6 {(02:22}
Nxf6 {(00:07} 49. exf7+ {(00:18} Kxf7 {(00:11} 50. Qb7+
{(00:15} Ke6 {(00:34} 51. Qc6+ {(00:23} Ke7 {(
00:30} 52. Qb7+ {(00:12} Ke8 {(06:41} 53. Qc6+ {(00:24]
} Kf7 {(00:11} 54. Qb7+ {(00:04} Kf8 {(01:16} 55. Qc8+
{(00:59} Ke7 {(02:19} 56. Qb7+ {(00:29} Ke8 {(
01:43} 57. Qc6+ {(00:10} 1/2-1/2

[Event "42nd Olympiad Baku 2016 Open"]
[Site "Baku"]
[Date "2016.09.08"]
[Round "6.7"]
[White "Tari, Aryan"]
[Black "Torre, Eugenio"]
[Result "1/2-1/2"]
[ECO "C45"]
[WhiteElo "2570"]
[BlackElo "2447"]
[Annotator ""]
[PlyCount "61"]
[EventDate "2016.??.??"]
[EventCountry "AZE"]
[SourceTitle "playchess.com"]
[Source "ChessBase"]
[WhiteTeam "Norway"]
[BlackTeam "Philippines"]
[WhiteTeamCountry "NOR"]
[BlackTeamCountry "PHI"]
[TimeControl "40/5400+30:1800+30"]

1. e4 {(00:00} e5 {(00:21} 2. Nf3 {(00:00} Nc6 {
(00:09} 3. d4 {(00:00} exd4 {(00:20} 4. Nxd4 {(
00:08} Bc5 {(03:05} 5. Nb3 {(00:26} Bb6 {(00:11} 6.
Nc3 {(00:18} Nf6 {(11:10} 7. Qe2 {(00:24} a5 {(
00:59} 8. e5 {(00:44} O-O {(00:19} 9. exf6 {(00:15} a4
{(00:09} 10. Nd5 {(01:24} Re8 {(02:53} 11. Be3 {
(01:20} axb3 {(00:37} 12. Qg4 {(01:15} g6 {(00:
39} 13. Bc4 {(01:43} Bd4 {(26:01} 14. Bxb3 {(48:37}
Bxb2 {(05:20} 15. O-O {(04:01} Bxf6 {(22:20} 16. Rae1 {
(01:53} d6 {(06:01} 17. Qf3 {(13:49} Bf5 {(00:
10} 18. Bb6 {(02:00} Ne5 {(04:13} 19. Rxe5 {(00:37}
Bxe5 {(00:13} 20. Nxc7 {(00:33} Rc8 {(06:11} 21. Nxe8 {
(02:49} Qxb6 {(00:10} 22. g4 {(01:08} Rxe8 {(01:
29} 23. gxf5 {(00:06} Qc7 {(00:10} 24. Kg2 {(01:55}
Qe7 {(01:09} 25. Qg4 {(01:38} Qf6 {(00:49} 26. Re1 {
(00:24} Kf8 {(01:37} 27. fxg6 {(02:01} Qxg6 {(
01:33} 28. Qxg6 {(00:09} hxg6 {(00:07} 29. Re4 {(00:18]
} Re7 {(01:36} 30. f4 {(00:44} Bb2 {(00:16} 31. Rxe7 {
(00:05} 1/2-1/2

[Event "42nd Olympiad Baku 2016 Open"]
[Site "Baku"]
[Date "2016.09.08"]
[Round "6.8"]
[White "Barcenilla, Rogelio"]
[Black "Urkedal, Frode"]
[Result "1/2-1/2"]
[ECO "A20"]
[WhiteElo "2455"]
[BlackElo "2537"]
[Annotator ""]
[PlyCount "118"]
[EventDate "2016.??.??"]
[EventCountry "AZE"]
[SourceTitle "playchess.com"]
[Source "ChessBase"]
[WhiteTeam "Philippines"]
[BlackTeam "Norway"]
[WhiteTeamCountry "PHI"]
[BlackTeamCountry "NOR"]
[TimeControl "40/5400+30:1800+30"]

1. c4 {(00:35} e5 {(00:00} 2. g3 {(00:13} Nf6 {(
00:04} 3. Bg2 {(00:05} c6 {(00:30} 4. d4 {(00:09} exd4
{(00:09} 5. Qxd4 {(00:07} d5 {(00:24} 6. Nc3 {(
00:26} Be6 {(00:43} 7. cxd5 {(00:17} cxd5 {(00:20} 8.
Nf3 {(00:09} Nc6 {(00:05} 9. Qa4 {(00:06} Bc5 {(
00:19} 10. O-O {(08:09} O-O {(00:06} 11. Bg5 {(04:14}
h6 {(00:39} 12. Bxf6 {(02:24} Qxf6 {(00:08} 13. Rfd1 {
(00:25} Rad8 {(01:55} 14. Qb5 {(01:46} Qe7 {(08:
28} 15. Na4 {(02:43} Bd6 {(00:30} 16. Rac1 {(00:35}
Nb4 {(04:48} 17. Nc3 {(22:10} a6 {(13:50} 18. Qa5 {
(01:16} Nc6 {(17:59} 19. Qa4 {(02:11} Bc5 {(00:
42} 20. e3 {(03:14} Ba7 {(06:46} 21. a3 {(00:45} Qf6 {
(01:34} 22. Rd2 {(03:26} g5 {(07:35} 23. h3 {(
11:14} d4 {(01:12} 24. Ne4 {(04:57} Qg7 {(00:12} 25.
exd4 {(07:00} Nxd4 {(01:53} 26. Nxd4 {(02:25} Rxd4 {
(03:54} 27. Rxd4 {(05:15} Qxd4 {(02:45} 28. Qxd4 {
(04:33} Bxd4 {(00:04} 29. b4 {(00:18} b6 {(04:
39} 30. Bf1 {(04:40} a5 {(03:49} 31. Rc6 {(02:48} axb4
{(03:51} 32. axb4 {(00:09} Rc8 {(05:58} 33. Rd6 {
(03:20} Be5 {(00:02} 34. Rd1 {(00:50} Rc2 {(01:
00} 35. b5 {(00:13} Kf8 {(02:45} 36. g4 {(00:44} Rb2 {
(00:52} 37. Nd6 {(00:30} Bb3 {(00:25} 38. Rd3 {(
00:38} Rb1 {(02:27} 39. Kg2 {(00:22} Be6 {(02:41} 40.
Rd2 {(00:00} Bf4 {(00:00} 41. Rd4 {(05:03} Rb2 {
(06:45} 42. Kf3 {(00:26} Rb3+ {(10:18} 43. Kg2 {
(00:43} Rb2 {(02:25} 44. Kf3 {(00:20} Be5 {(05:
04} 45. Rd1 {(01:29} Rb3+ {(02:09} 46. Kg2 {(01:47}
Rb4 {(01:49} 47. Nf5 {(01:28} Bxf5 {(00:42} 48. gxf5 {
(00:07} Kg7 {(00:49} 49. Rd7 {(02:44} Bd4 {(01:
13} 50. Be2 {(01:15} Bc5 {(01:02} 51. Bh5 {(03:57}
Rxb5 {(02:55} 52. Rxf7+ {(00:48} Kg8 {(00:30} 53. f6 {
(01:18} Rb2 {(00:19} 54. Rg7+ {(00:14} Kh8 {(00:
39} 55. Rg6 {(00:12} Rxf2+ {(01:00} 56. Kg3 {(00:08}
Kh7 {(00:13} 57. Rg7+ {(00:06} Kh8 {(00:04} 58. Rg6 {
(00:04} Kh7 {(00:35} 59. Rg7+ {(00:07} Kh8 {(00:
08} 1/2-1/2

[Event "42nd Olympiad Baku 2016 Open"]
[Site "Baku"]
[Date "2016.09.08"]
[Round "6.2"]
[White "McShane, Luke J"]
[Black "Vasquez Schroeder, Rodrigo"]
[Result "1-0"]
[ECO "B66"]
[WhiteElo "2671"]
[BlackElo "2546"]
[Annotator ""]
[PlyCount "97"]
[EventDate "2016.??.??"]
[EventCountry "AZE"]
[SourceTitle "playchess.com"]
[Source "ChessBase"]
[WhiteTeam "England"]
[BlackTeam "Chile"]
[WhiteTeamCountry "ENG"]
[BlackTeamCountry "CHI"]
[TimeControl "40/5400+30:1800+30"]

1. e4 {(00:00} c5 {(00:00} 2. Nf3 {(00:00} d6 {(
00:00} 3. d4 {(00:00} cxd4 {(00:00} 4. Nxd4 {(00:00}
Nf6 {(00:03} 5. Nc3 {(00:00} Nc6 {(00:03} 6. Bg5 {
(00:09} e6 {(00:06} 7. Qd2 {(00:12} a6 {(00:05}
8. O-O-O {(00:26} h6 {(00:05} 9. Nxc6 {(00:32} bxc6 {
(00:06} 10. Bf4 {(00:06} d5 {(00:12} 11. Qe3 {(
00:35} Bb4 {(00:40} 12. a3 {(24:56} Ba5 {(00:28} 13.
f3 {(05:56} Qe7 {(15:53} 14. Bg3 {(08:06} Bb7 {(
12:16} 15. Na4 {(06:59} Bc7 {(09:09} 16. Bxc7 {(17:44}
Qxc7 {(00:05} 17. Nc5 {(00:08} Nd7 {(07:05} 18. Nxd7 {
(01:12} Qxd7 {(04:55} 19. f4 {(03:39} Qe7 {(02:
56} 20. Be2 {(01:58} O-O {(06:41} 21. Bf3 {(06:52}
Rfd8 {(03:37} 22. g3 {(02:28} Rd7 {(10:02} 23. Rd2 {
(03:41} a5 {(12:12} 24. Rhd1 {(01:37} Ba6 {(01:
20} 25. Be2 {(12:49} Rb7 {(02:53} 26. Bxa6 {(00:38}
Rxa6 {(00:07} 27. c4 {(00:57} Qf6 {(06:46} 28. exd5 {
(01:35} cxd5 {(00:18} 29. cxd5 {(00:15} exd5 {(
00:45} 30. Rc2 {(00:33} Rd6 {(04:55} 31. Qc3 {(00:31}
Qe7 {(00:42} 32. Re1 {(00:48} Re6 {(00:17} 33. Rxe6 {
(00:17} fxe6 {(00:08} 34. Qxa5 {(00:14} Qd6 {(
00:38} 35. Qa8+ {(00:32} Rb8 {(00:05} 36. Qc6 {(00:04}
Qxc6 {(01:41} 37. Rxc6 {(00:03} Kf7 {(00:03} 38. Kc2 {
(00:48} g5 {(00:14} 39. b4 {(00:36} gxf4 {(00:
13} 40. gxf4 {(00:00} Kf6 {(00:00} 41. Kb3 {(06:56}
Kf5 {(01:47} 42. a4 {(00:18} Re8 {(14:58} 43. b5 {
(01:54} Kxf4 {(00:15} 44. b6 {(00:31} d4 {(05:
05} 45. b7 {(05:09} Rb8 {(07:56} 46. Rb6 {(00:14} e5 {
(00:14} 47. a5 {(01:16} d3 {(01:54} 48. a6 {(00:
53} Ke3 {(00:46} 49. a7 {(03:16} 1-0

[Event "42nd Olympiad Baku 2016 Open"]
[Site "Baku"]
[Date "2016.09.08"]
[Round "6.1"]
[White "Morovic Fernandez, Ivan"]
[Black "Howell, David W L"]
[Result "1/2-1/2"]
[ECO "C65"]
[WhiteElo "2554"]
[BlackElo "2665"]
[Annotator ""]
[PlyCount "82"]
[EventDate "2016.??.??"]
[EventCountry "AZE"]
[SourceTitle "playchess.com"]
[Source "ChessBase"]
[WhiteTeam "Chile"]
[BlackTeam "England"]
[WhiteTeamCountry "CHI"]
[BlackTeamCountry "ENG"]
[TimeControl "40/5400+30:1800+30"]

1. e4 {(00:00} e5 {(00:00} 2. Nf3 {(00:00} Nc6 {
(00:00} 3. Bb5 {(00:00} Nf6 {(00:25} 4. d3 {(01:
27} Bc5 {(00:27} 5. Bxc6 {(00:34} dxc6 {(00:09} 6. Qe2
{(00:07} Qe7 {(04:48} 7. Nbd2 {(01:49} Nd7 {(08:
42} 8. Nc4 {(08:21} f6 {(02:16} 9. Be3 {(07:12} Nb6 {
(07:07} 10. Bxc5 {(08:27} Qxc5 {(00:07} 11. Ne3 {
(00:23} Be6 {(02:20} 12. O-O {(02:37} O-O {(05:
57} 13. Rfd1 {(06:13} Rad8 {(10:43} 14. c3 {(08:33}
Rfe8 {(05:46} 15. Qc2 {(04:13} a5 {(03:43} 16. b3 {
(06:01} Bf7 {(03:11} 17. Rd2 {(10:22} Nc8 {(10:
51} 18. Rad1 {(11:18} Nd6 {(03:53} 19. h3 {(01:32} Nb5
20. a4 Nd6 {(04:59} 21. Re1 {(06:42} Rd7 {(03:49} 22.
Nf1 {(02:37} b5 {(05:43} 23. Ng3 {(00:54} Qa3 {(
05:43} 24. Rb1 {(02:39} Qc5 {(01:05} 25. c4 {(02:06}
Rb8 {(01:48} 26. b4 {(01:40} axb4 {(03:55} 27. cxb5 {
(00:11} Qxc2 {(01:44} 28. Rxc2 {(00:02} cxb5 {(
03:47} 29. Rxb4 {(00:10} Rb6 {(00:27} 30. Nf5 {(04:59}
Nxf5 {(00:37} 31. exf5 {(00:03} Bd5 {(00:48} 32. Rxb5 {
(02:18} Rxb5 {(00:27} 33. axb5 {(00:03} Bxf3 {(
00:28} 34. gxf3 {(00:10} Rd5 {(00:06} 35. Rxc7 {(00:49]
} Rxb5 {(00:04} 36. Rc8+ {(01:51} Kf7 {(00:07} 37. Rc7+
{(00:03} Kf8 {(00:06} 38. Rc8+ {(00:12} Kf7 {(
00:06} 39. Rc7+ {(00:16} Kf8 {(00:06} 40. Rc8+ {(00:00]
} Ke7 {(00:00} 41. Rc7+ {(02:21} Kf8 {(01:10} 1/2-1/2

[Event "42nd Olympiad Baku 2016 Open"]
[Site "Baku"]
[Date "2016.09.08"]
[Round "6.3"]
[White "Henriquez Villagra, Cristobal"]
[Black "Jones, Gawain C B"]
[Result "0-1"]
[ECO "E62"]
[WhiteElo "2508"]
[BlackElo "2635"]
[Annotator ""]
[PlyCount "86"]
[EventDate "2016.??.??"]
[EventCountry "AZE"]
[SourceTitle "playchess.com"]
[Source "ChessBase"]
[WhiteTeam "Chile"]
[BlackTeam "England"]
[WhiteTeamCountry "CHI"]
[BlackTeamCountry "ENG"]
[TimeControl "40/5400+30:1800+30"]

1. d4 {(00:00} Nf6 {(00:00} 2. c4 {(00:00} g6 {(
00:00} 3. Nc3 {(00:09} Bg7 {(00:06} 4. g3 {(00:20} O-O
{(00:06} 5. Bg2 {(00:09} d6 {(00:07} 6. Nf3 {(
00:12} Nc6 {(00:05} 7. O-O {(00:16} e5 {(00:13} 8. d5
{(03:08} Nb8 {(00:17} 9. e4 {(00:26} a5 {(00:16]
} 10. h3 {(12:02} Na6 {(00:56} 11. Be3 {(02:59} Qe7 {
(09:37} 12. Ne1 {(02:20} Nd7 {(00:45} 13. Nd3 {(
06:34} Ndc5 {(01:32} 14. Nxc5 {(11:19} Nxc5 {(02:06}
15. Qd2 {(01:22} f5 {(06:11} 16. exf5 {(04:22} gxf5 {
(00:16} 17. Rae1 {(03:58} Bd7 {(01:28} 18. Kh2 {
(06:45} Rae8 {(03:50} 19. f4 {(11:27} e4 {(01:
42} 20. Rg1 {(00:11} a4 {(09:01} 21. Bf1 {(00:39} Qf6
{(01:37} 22. Rc1 {(00:59} Re7 {(01:32} 23. Be2 {
(00:47} Rfe8 {(01:04} 24. Nd1 {(05:22} Rb8 {(07:
31} 25. Rg2 {(01:57} Kh8 {(04:31} 26. Rc3 {(01:11} Ra8
{(03:59} 27. Ra3 {(00:28} Ree8 {(05:07} 28. g4 {
(02:30} fxg4 {(01:49} 29. hxg4 {(00:10} Nd3 {(
00:40} 30. Kg1 {(07:59} c5 {(01:07} 31. Bxd3 {(02:44}
exd3 {(00:04} 32. Qxd3 {(00:26} Kg8 {(01:36} 33. Bd2 {
(07:20} Re7 {(07:47} 34. Qc2 {(02:18} Qh4 {(02:
27} 35. Rag3 {(04:08} Rae8 {(03:36} 36. Be3 {(00:24}
Re4 {(00:40} 37. Qd3 {(00:25} Bd4 {(01:49} 38. Bxd4 {
(00:37} Rxd4 {(07:39} 39. Qf1 {(00:02} Rde4 {(
00:12} 40. Qd3 {(00:00} Re1+ {(00:00} 41. Kf2 {(01:35}
Bxg4 {(07:14} 42. Nc3 {(03:25} Kh8 {(06:50} 43. Qd2 {
(09:47} Bh5 {(11:33} 0-1

[Event "42nd Olympiad Baku 2016 Open"]
[Site "Baku"]
[Date "2016.09.08"]
[Round "6.4"]
[White "Short, Nigel D"]
[Black "Perez Gormaz, Matias"]
[Result "1/2-1/2"]
[ECO "D37"]
[WhiteElo "2666"]
[BlackElo "2444"]
[Annotator ""]
[PlyCount "88"]
[EventDate "2016.??.??"]
[EventCountry "AZE"]
[SourceTitle "playchess.com"]
[Source "ChessBase"]
[WhiteTeam "England"]
[BlackTeam "Chile"]
[WhiteTeamCountry "ENG"]
[BlackTeamCountry "CHI"]
[TimeControl "40/5400+30:1800+30"]

1. d4 {(00:00} d5 {(00:00} 2. c4 {(00:00} e6 {(
00:06} 3. Nf3 {(00:50} Nf6 {(00:11} 4. Nc3 {(00:09}
Be7 {(00:16} 5. Bg5 {(01:11} h6 {(00:22} 6. Bxf6 {
(04:40} Bxf6 {(00:06} 7. Qc2 {(00:06} c5 {(20:
17} 8. dxc5 {(00:39} Qa5 {(13:47} 9. cxd5 {(07:38}
exd5 {(10:44} 10. O-O-O {(01:47} Bxc3 {(04:05} 11. Qxc3
{(00:14} Qxc3+ {(00:05} 12. bxc3 {(00:08} Be6 {(
00:03} 13. Nd4 {(12:16} Ke7 {(03:24} 14. h4 {(06:05}
Rc8 {(03:02} 15. Nxe6 {(01:10} fxe6 {(00:07} 16. Rh3 {
(00:03} Rxc5 {(04:39} 17. Rg3 {(00:04} Kf7 {(02:
25} 18. e4 {(00:25} Nd7 {(03:25} 19. exd5 {(00:06}
exd5 {(00:36} 20. Kb2 {(04:29} Rac8 {(02:58} 21. Rd4 {
(02:26} Nf6 {(03:47} 22. Bd3 {(03:23} R8c6 {(03:
19} 23. Rb4 {(00:41} b6 {(02:34} 24. Bg6+ {(05:19} Kf8
{(00:09} 25. Re3 {(01:29} Rc4 {(08:24} 26. g4 {(
04:38} Rc8 {(11:19} 27. Rxc4 {(04:12} dxc4 {(00:17}
28. g5 {(00:14} hxg5 {(01:33} 29. hxg5 {(00:05} Nd5 {
(01:02} 30. Rf3+ {(05:31} Ke7 {(00:05} 31. Rf7+ {
(00:03} Ke6 {(00:35} 32. f4 {(00:04} Rc7 {(00:
34} 33. Rf8 {(00:05} Re7 {(01:33} 34. Be4 {(17:40} Kd6
{(00:18} 35. Bxd5 {(07:47} Kxd5 {(00:05} 36. f5 {
(00:03} a5 {(01:15} 37. a4 {(00:21} Re2+ {(00:
29} 38. Kc1 {(00:06} Rf2 {(00:29} 39. Rf7 {(00:48} Ke4
{(00:18} 40. f6 {(00:00} gxf6 {(00:00} 41. Rxf6 {
(03:32} Rg2 {(05:12} 42. g6 {(01:01} Kd3 {(02:
22} 43. Rf3+ {(00:08} Ke4 {(00:05} 44. Rf6 {(00:02}
Kd3 {(02:07} 1/2-1/2

[Event "42nd Olympiad Baku 2016 Open"]
[Site "Baku"]
[Date "2016.09.08"]
[Round "6.14"]
[White "Lenic, Luka"]
[Black "Iotov, Valentin"]
[Result "1-0"]
[ECO "D45"]
[WhiteElo "2622"]
[BlackElo "2518"]
[Annotator ""]
[PlyCount "67"]
[EventDate "2016.??.??"]
[EventCountry "AZE"]
[SourceTitle "playchess.com"]
[Source "ChessBase"]
[WhiteTeam "Slovenia"]
[BlackTeam "Bulgaria"]
[WhiteTeamCountry "SLO"]
[BlackTeamCountry "BUL"]
[TimeControl "40/5400+30:1800+30"]

1. d4 {(00:00} d5 {(00:00} 2. c4 {(00:00} c6 {(
00:00} 3. e3 {(01:28} Nf6 {(01:46} 4. Nc3 {(00:06} e6
{(04:09} 5. Nf3 {(00:42} a6 {(00:19} 6. Qc2 {(
01:50} c5 {(00:54} 7. cxd5 {(00:47} exd5 {(00:02} 8.
Be2 {(00:46} cxd4 {(01:50} 9. Nxd4 {(11:09} Bd6 {
(01:33} 10. O-O {(04:18} O-O {(05:07} 11. Rd1 {(
01:14} Qc7 {(02:09} 12. h3 {(04:44} Rd8 {(05:01} 13.
b3 {(18:56} Bh2+ {(31:13} 14. Kh1 {(03:35} Be5 {
(00:03} 15. Bb2 {(01:59} Nc6 {(05:29} 16. Nf3 {(
09:20} Nb4 {(13:50} 17. Qd2 {(05:57} Bd6 {(00:26} 18.
Rac1 {(06:47} Qe7 {(00:50} 19. Kg1 {(09:21} Bf5 {
(06:32} 20. Qd4 {(02:44} Qe8 {(07:00} 21. Qh4 {(
01:07} Bg6 {(00:43} 22. Qd4 {(03:36} Rac8 {(01:27} 23.
Qd2 {(00:57} Nc6 {(04:39} 24. Qe1 {(01:20} Rc7 {
(03:58} 25. Kh1 {(03:06} Be4 {(02:35} 26. Nxe4 {
(03:22} dxe4 {(00:31} 27. Bxf6 {(02:02} gxf6 {(
00:01} 28. Nd4 {(01:59} Qe5 {(01:09} 29. g3 {(00:06}
Nxd4 {(00:36} 30. Rxd4 {(00:10} Kg7 {(00:34} 31. Rcd1 {
(00:42} Rc2 {(00:30} 32. Bg4 {(00:54} Qe7 {(00:
31} 33. Bf5 {(00:22} Bc7 {(00:29} 34. Rxe4 {(00:36}
1-0